cohdb
Replays
Latest Replays
All Replays
Popular Replays
Top Player Replays
Match Explorer
How It Works
Community
CoH3 Stats
Reddit
Sign in to upload your games and track your stats! →
Sign in with Steam
Match 42266104
Unlisted
Match 42266104
Overview
Messages
Build Orders
End
Kradschützen Motorcycle Team
Selects Italian Combined Arms Battlegroup
Selects Bersaglieri Squad
Bersaglieri Squad
Bersaglieri Squad
Panzergrenadier Squad
Construct Light Support Kompanie
Selects Bersaglieri Bolster
Fire Support Elements
2.5-tonne Medical Truck
MG34 Team
Selects Breda Model 30 Light Machine Guns
Assault Mechanized Group
Flakvierling Half-track
Selects Semovente da 75/18 Assault Gun
Semovente da 75/18 Assault Gun
Vehicle Survival Package
Selects Strafing Run
Pak 38 Mechanized Group
BIOHAZARD
Gorgolo
littleboots10
potatoo
0
0
Comments
sign in to comment!
No comments posted yet!